[ AOE2 MATCH · #478833614 ]
UnrankedCumans vs Saracens
[ REPLAY ANALYSIS · EXTRACTED FROM THE RECORDED GAME ]
Feudal
10:56
Castle
21:00
Imperial
53:26
| APM avg | 39.6 |
| APM peak | 109 |
| eAPM avg | 27.2 |
| Villagers / military | 208 / 567 |
Focus
⚔️ 51.2% · 🌾 48.8%
Spearman ×173 · Scout Cavalry ×169 · Skirmisher ×109 · Scorpion ×42 · Monk ×40 · Battering Ram ×26
Feudal
12:41
Castle
16:26
Imperial
43:42
| APM avg | 52.0 |
| APM peak | 102 |
| eAPM avg | 24.0 |
| Villagers / military | 204 / 211 |
Focus
⚔️ 30.2% · 🌾 69.8%
Mameluke ×166 · Mangonel ×28 · Trebuchet (Packed) ×10 · Battering Ram ×7
Feudal
13:36
Castle
17:11
Imperial
41:25
| APM avg | 41.9 |
| APM peak | 79 |
| eAPM avg | 26.9 |
| Villagers / military | 235 / 434 |
Focus
⚔️ 37.7% · 🌾 62.3%
Spearman ×249 · Elephant Archer ×150 · Skirmisher ×15 · Fishing Ship ×11 · Bombard Cannon ×10 · Trebuchet (Packed) ×5
Feudal
13:31
Castle
17:13
Imperial
38:45
| APM avg | 35.5 |
| APM peak | 79 |
| eAPM avg | 22.3 |
| Villagers / military | 296 / 299 |
Focus
⚔️ 32.7% · 🌾 67.3%
Battle Elephant ×157 · Skirmisher ×60 · Ratha (Ranged) ×60 · Elephant Archer ×13 · Trebuchet (Packed) ×9
Feudal
12:36
Castle
22:47
Imperial
50:16
| APM avg | 40.5 |
| APM peak | 98 |
| eAPM avg | 20.0 |
| Villagers / military | 149 / 452 |
Focus
⚔️ 41.4% · 🌾 58.6%
Spearman ×404 · Hussite Wagon ×29 · Archer ×10 · Bombard Cannon ×5 · Monk ×2 · Trebuchet (Packed) ×2
Feudal
11:55
Castle
22:17
Imperial
37:56
| APM avg | 51.7 |
| APM peak | 114 |
| eAPM avg | 32.9 |
| Villagers / military | 241 / 543 |
Focus
⚔️ 40.1% · 🌾 59.9%
Camel Scout ×278 · Scout Cavalry ×149 · Hand Cannoneer ×103 · Trade Cart ×16 · Armored Elephant ×4 · Ghulam ×3
Feudal
13:29
Castle
17:04
Imperial
47:02
| APM avg | 45.2 |
| APM peak | 87 |
| eAPM avg | 19.0 |
| Villagers / military | 207 / 259 |
Focus
⚔️ 33.7% · 🌾 66.3%
Cavalry Archer ×251 · Mangonel ×4 · Battering Ram ×4
Feudal
15:01
Castle
18:33
Imperial
36:08
| APM avg | 34.0 |
| APM peak | 65 |
| eAPM avg | 20.7 |
| Villagers / military | 234 / 634 |
Focus
⚔️ 37.0% · 🌾 63.0%
Spearman ×381 · Leitis ×147 · Scout Cavalry ×75 · Scorpion ×17 · Trebuchet (Packed) ×10 · Fishing Ship ×8
Match map
Initial resources + every placement click. Lines = walls · curves = elevation contours. ◆ gold · ⬟ stone · ● berries · ✦ relic · ◌ wall gap
Your base· Open — 8t gap
LL | SC-Quatorze's base· Open — unwalled flank
Storm's base· Open — 13t gap
LL | ---Han---'s base· Open — unwalled flank
Chainy555's base· Open — unwalled flank
LL | Enr1co's base· Open — unwalled flank
LL | gummibaer's base· Open — 6t gap
OIDA | Pat_Star's base· Open — unwalled flank
Smoothed initial terrain · ◌ = detected wall gap · hover for details
Inputs per minute
— Peter_Pahn - - LL | SC-Quatorze
Build order — Peter_Pahn
First 150 of 807 actions detected
| 0:37 | Build | Town Center |
| 1:18 | Build | House |
| 2:31 | Create | Villager (Male) |
| 2:31 | Create | Villager (Male) |
| 2:31 | Create | Villager (Male) |
| 2:32 | Create | Villager (Male) |
| 3:53 | Build | Lumber Camp |
| 3:56 | Create | Villager (Male) |
| 3:57 | Create | Villager (Male) |
| 4:21 | Create | Villager (Male) |
| 4:35 | Build | House |
| 5:25 | Create | Villager (Male) |
| 5:25 | Create | Villager (Male) |
| 5:49 | Create | Villager (Male) |
| 6:34 | Create | Villager (Male) |
| 6:45 | Create | Villager (Male) |
| 6:51 | Create | Villager (Male) |
| 6:53 | Build | House |
| 7:12 | Build | Mill |
| 7:48 | Create | Villager (Male) |
| 8:16 | Research | Loom |
| 8:46 | Research | Feudal Age |
| 9:25 | Build | House |
| 10:37 | Create | Villager (Male) |
| 10:56 | Age | Feudal Age |
| 11:05 | Build | Town Center |
| 11:07 | Research | Double-Bit Axe |
| 11:09 | Create | Villager (Male) |
| 11:32 | Create | Villager (Male) |
| 11:48 | Create | Villager (Male) |
| 12:02 | Build | House |
| 12:06 | Research | Town Watch |
| 12:07 | Create | Villager (Male) |
| 12:33 | Create | Villager (Male) |
| 12:48 | Build | Palisade Gate |
| 12:49 | Create | Villager (Male) |
| 12:55 | Create | Villager (Male) |
| 12:57 | Build | House |
| 13:00 | Build | Palisade Wall |
| 13:05 | Create | Villager (Male) |
| 13:05 | Create | Villager (Male) |
| 13:12 | Create | Villager (Male) |
| 13:26 | Build | Mining Camp |
| 13:29 | Create | Villager (Male) |
| 13:46 | Create | Villager (Male) |
| 13:50 | Create | Villager (Male) |
| 14:02 | Create | Villager (Male) |
| 14:09 | Build | Palisade Wall |
| 14:12 | Build | Palisade Wall |
| 14:14 | Create | Villager (Male) |
| 14:37 | Create | Villager (Male) |
| 14:44 | Create | Villager (Male) |
| 14:58 | Create | Villager (Male) |
| 15:03 | Create | Villager (Male) |
| 15:20 | Create | Villager (Male) |
| 15:27 | Create | Villager (Male) |
| 15:42 | Create | Villager (Male) |
| 15:49 | Build | Market |
| 16:03 | Create | Villager (Male) |
| 16:16 | Build | Palisade Wall |
| 16:22 | Create | Villager (Male) |
| 16:27 | Build | Palisade Wall |
| 16:39 | Build | Watch Tower |
| 16:49 | Build | Blacksmith |
| 17:34 | Build | Watch Tower |
| 17:35 | Create | Villager (Male) |
| 18:20 | Research | Castle Age |
| 19:12 | Build | Lumber Camp |
| 20:15 | Build | Lumber Camp |
| 20:38 | Build | Mill |
| 20:55 | Build | Mill |
| 21:00 | Age | Castle Age |
| 21:20 | Build | Mining Camp |
| 21:44 | Build | House |
| 22:13 | Build | Town Center |
| 22:42 | Build | Lumber Camp |
| 23:26 | Create | Villager (Male) |
| 23:28 | Create | Villager (Male) |
| 24:06 | Build | Town Center |
| 24:11 | Research | Bow Saw |
| 24:13 | Create | Villager (Male) |
| 24:25 | Create | Villager (Male) |
| 25:16 | Create | Villager (Male) |
| 25:29 | Build | Town Center |
| 25:42 | Research | Horse Collar |
| 25:43 | Create | Villager (Male) |
| 25:48 | Create | Villager (Male) |
| 25:53 | Create | Villager (Male) |
| 26:05 | Create | Villager (Male) |
| 26:15 | Create | Villager (Male) |
| 26:27 | Create | Villager (Male) |
| 26:41 | Create | Villager (Male) |
| 26:51 | Create | Villager (Male) |
| 27:17 | Create | Villager (Male) |
| 27:24 | Create | Villager (Male) |
| 27:28 | Create | Villager (Male) |
| 27:38 | Build | Town Center |
| 27:54 | Build | Farm |
| 27:56 | Build | Farm |
| 28:08 | Create | Villager (Male) |
| 28:09 | Create | Villager (Male) |
| 28:22 | Create | Villager (Male) |
| 28:22 | Create | Villager (Male) |
| 28:24 | Create | Villager (Male) |
| 28:31 | Build | Farm |
| 28:34 | Build | Farm |
| 28:47 | Create | Villager (Male) |
| 28:47 | Create | Villager (Male) |
| 29:03 | Create | Villager (Male) |
| 29:14 | Build | Farm |
| 29:14 | Create | Villager (Male) |
| 29:25 | Create | Villager (Male) |
| 29:25 | Create | Villager (Male) |
| 29:43 | Create | Villager (Male) |
| 29:44 | Create | Villager (Male) |
| 29:46 | Create | Villager (Male) |
| 29:49 | Build | Farm |
| 29:51 | Build | Farm |
| 29:51 | Create | Villager (Male) |
| 29:52 | Create | Villager (Male) |
| 30:03 | Create | Villager (Male) |
| 30:08 | Create | Villager (Male) |
| 30:15 | Create | Villager (Male) |
| 30:26 | Research | Heavy Plow |
| 30:26 | Research | Heavy Plow |
| 30:33 | Create | Villager (Male) |
| 30:33 | Create | Villager (Male) |
| 30:41 | Create | Villager (Male) |
| 30:41 | Create | Villager (Male) |
| 30:46 | Create | Villager (Male) |
| 30:47 | Create | Villager (Male) |
| 31:05 | Create | Villager (Male) |
| 31:05 | Create | Villager (Male) |
| 31:20 | Build | Monastery |
| 31:21 | Create | Villager (Male) |
| 31:21 | Create | Villager (Male) |
| 31:26 | Build | House |
| 31:30 | Build | House |
| 31:35 | Research | Wheelbarrow |
| 31:44 | Build | House |
| 31:45 | Create | Villager (Male) |
| 31:56 | Create | Villager (Male) |
| 31:56 | Create | Villager (Male) |
| 31:58 | Create | Villager (Male) |
| 32:03 | Create | Villager (Male) |
| 32:03 | Create | Villager (Male) |
| 32:05 | Create | Monk |
| 32:14 | Build | House |
| 32:14 | Create | Villager (Male) |
| 32:15 | Create | Villager (Male) |
Build order — LL | SC-Quatorze
First 150 of 629 actions detected
| 0:21 | Build | Town Center |
| 2:19 | Build | House |
| 2:33 | Create | Villager (Male) |
| 2:34 | Create | Villager (Male) |
| 2:34 | Create | Villager (Male) |
| 2:40 | Create | Villager (Male) |
| 3:32 | Create | Villager (Male) |
| 4:07 | Create | Villager (Male) |
| 4:32 | Create | Villager (Male) |
| 4:40 | Build | House |
| 4:49 | Create | Villager (Male) |
| 5:11 | Create | Villager (Male) |
| 5:44 | Build | Lumber Camp |
| 6:17 | Build | House |
| 6:21 | Create | Villager (Male) |
| 6:21 | Create | Villager (Male) |
| 6:22 | Create | Villager (Male) |
| 6:22 | Create | Villager (Male) |
| 6:48 | Create | Villager (Male) |
| 7:26 | Build | House |
| 7:27 | Create | Villager (Male) |
| 7:35 | Create | Villager (Male) |
| 8:04 | Create | Villager (Male) |
| 8:07 | Build | Mill |
| 8:26 | Create | Villager (Male) |
| 9:09 | Build | Palisade Wall |
| 9:47 | Build | Palisade Wall |
| 9:58 | Research | Loom |
| 10:20 | Build | House |
| 10:30 | Research | Feudal Age |
| 10:58 | Build | Palisade Wall |
| 11:06 | Build | Palisade Wall |
| 12:18 | Create | Villager (Male) |
| 12:18 | Create | Villager (Male) |
| 12:41 | Age | Feudal Age |
| 12:43 | Build | Market |
| 12:46 | Build | Blacksmith |
| 13:46 | Research | Castle Age |
| 13:54 | Build | Mining Camp |
| 14:22 | Research | Double-Bit Axe |
| 15:29 | Create | Villager (Male) |
| 16:23 | Research | Fletching |
| 16:26 | Age | Castle Age |
| 16:53 | Create | Villager (Male) |
| 17:01 | Build | Castle |
| 17:22 | Build | House |
| 17:23 | Build | House |
| 17:31 | Build | House |
| 17:33 | Build | House |
| 17:37 | Create | Villager (Male) |
| 17:48 | Build | House |
| 17:50 | Build | Palisade Wall |
| 18:29 | Create | Mameluke |
| 18:29 | Create | Mameluke |
| 18:29 | Create | Mameluke |
| 18:37 | Build | Siege Workshop |
| 18:39 | Create | Villager (Male) |
| 19:33 | Create | Mangonel |
| 19:41 | Create | Villager (Male) |
| 19:46 | Build | Mining Camp |
| 19:56 | Create | Villager (Male) |
| 20:29 | Create | Villager (Male) |
| 20:55 | Research | Town Watch |
| 21:34 | Build | Town Center |
| 21:45 | Create | Villager (Male) |
| 21:59 | Build | Farm |
| 22:00 | Build | Farm |
| 22:00 | Build | Farm |
| 22:15 | Create | Villager (Male) |
| 22:19 | Create | Villager (Male) |
| 22:19 | Create | Villager (Male) |
| 22:19 | Create | Villager (Male) |
| 22:19 | Create | Villager (Male) |
| 22:35 | Build | Farm |
| 22:47 | Create | Villager (Male) |
| 22:53 | Create | Villager (Male) |
| 23:07 | Create | Villager (Male) |
| 23:34 | Build | Palisade Wall |
| 23:37 | Create | Villager (Male) |
| 23:37 | Create | Villager (Male) |
| 23:43 | Build | Town Center |
| 23:59 | Create | Villager (Male) |
| 23:59 | Create | Villager (Male) |
| 24:16 | Create | Villager (Male) |
| 24:16 | Create | Villager (Male) |
| 24:47 | Build | Farm |
| 24:52 | Create | Villager (Male) |
| 24:52 | Create | Villager (Male) |
| 24:53 | Create | Villager (Male) |
| 25:13 | Create | Villager (Male) |
| 25:13 | Create | Villager (Male) |
| 25:13 | Create | Villager (Male) |
| 25:35 | Build | Castle |
| 26:41 | Build | Castle |
| 26:50 | Create | Villager (Male) |
| 26:50 | Create | Villager (Male) |
| 26:55 | Build | Farm |
| 27:13 | Create | Villager (Male) |
| 27:19 | Create | Villager (Male) |
| 27:19 | Create | Villager (Male) |
| 27:20 | Create | Villager (Male) |
| 27:47 | Build | Mining Camp |
| 27:47 | Create | Villager (Male) |
| 28:09 | Build | Siege Workshop |
| 28:10 | Create | Villager (Male) |
| 28:27 | Build | Mill |
| 28:34 | Build | Lumber Camp |
| 28:41 | Create | Villager (Male) |
| 28:46 | Create | Battering Ram |
| 28:57 | Create | Villager (Male) |
| 28:57 | Create | Villager (Male) |
| 28:57 | Create | Villager (Male) |
| 29:06 | Create | Villager (Male) |
| 29:29 | Create | Mangonel |
| 29:29 | Create | Villager (Male) |
| 29:31 | Build | Farm |
| 29:43 | Build | Farm |
| 29:45 | Create | Villager (Male) |
| 29:45 | Create | Villager (Male) |
| 29:48 | Build | Farm |
| 29:54 | Create | Villager (Male) |
| 29:54 | Create | Villager (Male) |
| 29:55 | Build | Farm |
| 29:58 | Build | Farm |
| 30:15 | Create | Mameluke |
| 30:15 | Create | Mameluke |
| 30:28 | Create | Mangonel |
| 30:28 | Create | Villager (Male) |
| 30:29 | Create | Villager (Male) |
| 30:32 | Build | Farm |
| 30:37 | Build | Farm |
| 30:42 | Create | Mameluke |
| 30:42 | Create | Mameluke |
| 30:43 | Create | Villager (Male) |
| 30:44 | Create | Villager (Male) |
| 30:46 | Build | Farm |
| 30:57 | Build | Mill |
| 30:58 | Create | Villager (Male) |
| 30:59 | Create | Villager (Male) |
| 31:14 | Build | Farm |
| 31:14 | Create | Villager (Male) |
| 31:26 | Create | Mangonel |
| 31:26 | Create | Villager (Male) |
| 31:27 | Create | Villager (Male) |
| 31:57 | Research | Bodkin Arrow |
| 32:06 | Create | Villager (Male) |
| 32:10 | Build | Farm |
| 32:11 | Build | Farm |
| 32:12 | Research | Horse Collar |
| 32:13 | Create | Villager (Male) |
Build order — Storm
First 150 of 701 actions detected
| 0:27 | Build | Town Center |
| 2:25 | Build | House |
| 2:28 | Build | House |
| 2:40 | Create | Villager (Male) |
| 2:41 | Create | Villager (Male) |
| 2:41 | Create | Villager (Male) |
| 2:41 | Create | Villager (Male) |
| 2:41 | Create | Villager (Male) |
| 3:43 | Create | Villager (Male) |
| 4:07 | Create | Villager (Male) |
| 4:07 | Create | Villager (Male) |
| 4:54 | Create | Villager (Male) |
| 4:55 | Create | Villager (Male) |
| 4:56 | Build | Lumber Camp |
| 5:04 | Build | House |
| 5:07 | Create | Villager (Male) |
| 5:32 | Create | Villager (Male) |
| 6:01 | Create | Villager (Male) |
| 6:01 | Create | Villager (Male) |
| 6:52 | Build | House |
| 7:08 | Create | Villager (Male) |
| 7:22 | Create | Villager (Male) |
| 7:31 | Build | Dock |
| 7:36 | Create | Villager (Male) |
| 7:47 | Create | Villager (Male) |
| 7:55 | Create | Villager (Male) |
| 8:14 | Create | Fishing Ship |
| 8:38 | Create | Villager (Male) |
| 8:51 | Create | Villager (Male) |
| 8:56 | Create | Fishing Ship |
| 9:11 | Build | House |
| 9:27 | Create | Fishing Ship |
| 9:36 | Build | Mill |
| 9:42 | Create | Villager (Male) |
| 9:58 | Build | House |
| 10:06 | Create | Fishing Ship |
| 10:18 | Research | Loom |
| 10:29 | Create | Villager (Male) |
| 10:47 | Create | Fishing Ship |
| 10:50 | Build | House |
| 11:24 | Research | Feudal Age |
| 11:33 | Build | Mining Camp |
| 11:46 | Create | Fishing Ship |
| 12:08 | Create | Villager (Male) |
| 12:08 | Create | Villager (Male) |
| 12:31 | Build | Palisade Wall |
| 12:32 | Build | Palisade Wall |
| 12:37 | Build | Palisade Wall |
| 12:38 | Build | Palisade Wall |
| 12:51 | Create | Fishing Ship |
| 13:36 | Age | Feudal Age |
| 13:38 | Build | Blacksmith |
| 13:40 | Build | Market |
| 13:48 | Build | Fish Trap |
| 13:51 | Build | Fish Trap |
| 14:31 | Research | Castle Age |
| 14:46 | Build | Fish Trap |
| 15:39 | Create | Villager (Male) |
| 15:39 | Create | Villager (Male) |
| 15:42 | Build | House |
| 15:45 | Create | Fishing Ship |
| 15:48 | Build | Fish Trap |
| 16:06 | Research | Double-Bit Axe |
| 16:45 | Build | Fish Trap |
| 16:55 | Create | Villager (Male) |
| 17:11 | Age | Castle Age |
| 17:14 | Build | Town Center |
| 17:18 | Build | Town Center |
| 17:50 | Create | Villager (Male) |
| 17:51 | Create | Villager (Male) |
| 17:52 | Research | Bow Saw |
| 18:14 | Build | Fish Trap |
| 18:22 | Build | Fish Trap |
| 18:24 | Create | Villager (Male) |
| 18:33 | Build | House |
| 18:34 | Build | House |
| 18:34 | Build | House |
| 18:36 | Create | Villager (Male) |
| 18:36 | Create | Villager (Male) |
| 18:41 | Create | Villager (Male) |
| 18:41 | Create | Villager (Male) |
| 18:48 | Create | Villager (Male) |
| 18:49 | Create | Villager (Male) |
| 18:57 | Research | Gold Mining |
| 19:11 | Create | Villager (Male) |
| 19:14 | Create | Fishing Ship |
| 19:16 | Build | Fish Trap |
| 19:29 | Create | Villager (Male) |
| 19:29 | Create | Villager (Male) |
| 19:30 | Create | Villager (Male) |
| 19:32 | Research | Horse Collar |
| 19:36 | Build | Farm |
| 19:38 | Build | Farm |
| 19:51 | Build | Town Center |
| 19:54 | Create | Villager (Male) |
| 20:01 | Build | Town Center |
| 20:02 | Create | Villager (Male) |
| 20:04 | Create | Villager (Male) |
| 20:06 | Build | Farm |
| 20:07 | Build | Farm |
| 20:18 | Create | Fishing Ship |
| 20:21 | Create | Villager (Male) |
| 20:21 | Create | Villager (Male) |
| 20:29 | Build | House |
| 20:30 | Build | House |
| 20:30 | Build | House |
| 20:37 | Create | Villager (Male) |
| 20:38 | Create | Villager (Male) |
| 20:40 | Create | Villager (Male) |
| 20:47 | Build | Farm |
| 20:48 | Build | Farm |
| 21:02 | Create | Villager (Male) |
| 21:03 | Create | Villager (Male) |
| 21:05 | Build | Farm |
| 21:07 | Build | Farm |
| 21:07 | Create | Villager (Male) |
| 21:37 | Build | Town Center |
| 21:41 | Create | Villager (Male) |
| 21:42 | Create | Villager (Male) |
| 21:44 | Build | Mill |
| 21:45 | Create | Villager (Male) |
| 21:54 | Build | Farm |
| 21:59 | Build | Lumber Camp |
| 22:02 | Create | Villager (Male) |
| 22:03 | Create | Villager (Male) |
| 22:04 | Create | Villager (Male) |
| 22:08 | Build | Farm |
| 22:12 | Create | Fishing Ship |
| 22:21 | Create | Villager (Male) |
| 22:32 | Build | House |
| 22:33 | Build | House |
| 22:34 | Create | Villager (Male) ×2 |
| 22:36 | Build | Farm |
| 22:38 | Build | Farm |
| 22:41 | Create | Villager (Male) |
| 22:46 | Create | Villager (Male) |
| 22:50 | Build | Farm |
| 22:51 | Build | Farm |
| 22:52 | Create | Villager (Male) |
| 22:53 | Create | Villager (Male) |
| 22:56 | Build | Farm |
| 22:59 | Build | Farm |
| 22:59 | Create | Villager (Male) |
| 23:01 | Build | Outpost |
| 23:02 | Build | Outpost |
| 23:07 | Build | Farm |
| 23:10 | Build | Farm |
| 23:16 | Create | Villager (Male) |
| 23:17 | Create | Villager (Male) |
| 23:19 | Build | Farm |
Build order — LL | ---Han---
First 150 of 765 actions detected
| 0:26 | Build | Town Center |
| 1:44 | Build | House |
| 2:25 | Build | House |
| 2:30 | Create | Villager (Male) |
| 2:30 | Create | Villager (Male) |
| 2:31 | Create | Villager (Male) |
| 2:31 | Create | Villager (Male) |
| 3:29 | Create | Villager (Male) |
| 4:41 | Create | Villager (Male) ×2 |
| 4:50 | Build | House |
| 4:51 | Create | Villager (Male) |
| 5:23 | Create | Villager (Male) |
| 5:41 | Build | Lumber Camp |
| 6:11 | Create | Villager (Male) |
| 6:31 | Create | Villager (Male) ×2 |
| 6:31 | Create | Villager (Male) |
| 6:50 | Build | House |
| 7:43 | Create | Villager (Male) |
| 8:17 | Build | Mill |
| 8:22 | Create | Villager (Male) |
| 8:47 | Create | Villager (Male) |
| 8:55 | Build | House |
| 9:13 | Create | Villager (Male) |
| 9:14 | Create | Villager (Male) |
| 9:55 | Create | Villager (Male) |
| 10:23 | Create | Villager (Male) |
| 10:26 | Research | Loom |
| 10:27 | Research | Feudal Age |
| 10:59 | Build | Mining Camp |
| 12:19 | Build | House |
| 12:21 | Build | House |
| 12:29 | Create | Villager (Male) |
| 12:30 | Create | Villager (Male) |
| 12:50 | Build | House |
| 12:57 | Build | Palisade Wall |
| 13:31 | Age | Feudal Age |
| 13:32 | Build | Blacksmith |
| 13:36 | Build | Market |
| 13:44 | Build | Palisade Gate |
| 14:33 | Research | Castle Age |
| 15:54 | Research | Double-Bit Axe |
| 16:41 | Create | Villager (Male) |
| 17:13 | Age | Castle Age |
| 17:17 | Build | Castle |
| 17:50 | Create | Villager (Male) |
| 17:50 | Create | Villager (Male) |
| 18:10 | Research | Fletching |
| 18:10 | Create | Ratha (Ranged) |
| 18:18 | Build | Mill |
| 18:26 | Create | Villager (Male) |
| 18:44 | Create | Villager (Male) |
| 18:45 | Create | Ratha (Ranged) |
| 19:03 | Create | Ratha (Ranged) |
| 19:24 | Create | Ratha (Ranged) |
| 19:36 | Create | Villager (Male) |
| 19:37 | Create | Villager (Male) |
| 19:48 | Create | Ratha (Ranged) |
| 19:48 | Create | Ratha (Ranged) |
| 19:50 | Create | Villager (Male) |
| 19:59 | Build | Town Center |
| 20:11 | Research | Padded Archer Armor |
| 20:13 | Create | Ratha (Ranged) |
| 20:42 | Create | Ratha (Ranged) |
| 20:47 | Create | Ratha (Ranged) |
| 20:49 | Create | Villager (Male) |
| 20:51 | Create | Villager (Male) |
| 21:28 | Create | Ratha (Ranged) |
| 21:56 | Create | Villager (Male) |
| 21:57 | Create | Villager (Male) |
| 22:15 | Create | Ratha (Ranged) |
| 22:16 | Create | Villager (Male) |
| 22:21 | Build | Town Center |
| 22:25 | Create | Ratha (Ranged) |
| 22:25 | Create | Ratha (Ranged) |
| 22:58 | Create | Villager (Male) |
| 23:23 | Build | Farm |
| 23:24 | Research | Horse Collar |
| 23:36 | Create | Villager (Male) |
| 23:36 | Create | Villager (Male) |
| 23:38 | Create | Ratha (Ranged) |
| 23:38 | Create | Ratha (Ranged) |
| 24:07 | Build | Farm |
| 24:07 | Build | Farm |
| 24:08 | Build | Farm |
| 24:08 | Build | Farm |
| 24:12 | Create | Villager (Male) |
| 24:12 | Create | Villager (Male) |
| 24:47 | Create | Villager (Male) |
| 24:48 | Create | Villager (Male) |
| 24:53 | Build | University |
| 25:07 | Create | Ratha (Ranged) |
| 25:08 | Create | Villager (Male) |
| 25:08 | Create | Villager (Male) |
| 25:27 | Research | Bow Saw |
| 25:41 | Create | Villager (Male) |
| 25:41 | Create | Villager (Male) |
| 25:42 | Create | Villager (Male) |
| 25:42 | Create | Villager (Male) |
| 25:47 | Build | Mill |
| 26:14 | Create | Villager (Male) |
| 26:15 | Create | Villager (Male) |
| 26:17 | Build | House |
| 26:18 | Build | House |
| 26:18 | Build | House |
| 26:19 | Build | House |
| 26:19 | Build | House |
| 26:43 | Research | Bodkin Arrow |
| 26:46 | Create | Villager (Male) |
| 26:46 | Create | Villager (Male) |
| 26:55 | Research | Ballistics |
| 27:17 | Create | Villager (Male) |
| 27:17 | Create | Villager (Male) |
| 27:17 | Create | Villager (Male) |
| 27:17 | Create | Villager (Male) |
| 27:23 | Build | Mining Camp |
| 27:38 | Create | Ratha (Ranged) |
| 27:39 | Create | Villager (Male) |
| 27:40 | Create | Villager (Male) |
| 27:44 | Create | Villager (Male) |
| 27:51 | Build | Farm |
| 27:51 | Build | Farm |
| 27:52 | Build | Farm |
| 27:52 | Build | Farm |
| 27:52 | Build | Farm |
| 27:53 | Build | Farm |
| 27:53 | Build | Farm |
| 28:27 | Create | Ratha (Ranged) |
| 28:28 | Create | Ratha (Ranged) |
| 28:29 | Create | Villager (Male) |
| 28:29 | Create | Villager (Male) |
| 28:29 | Create | Villager (Male) |
| 28:36 | Build | Farm |
| 28:37 | Build | Farm |
| 28:39 | Create | Villager (Male) |
| 28:45 | Build | Mining Camp |
| 28:47 | Create | Villager (Male) |
| 28:47 | Create | Villager (Male) |
| 28:48 | Create | Villager (Male) |
| 28:56 | Build | Mining Camp |
| 29:26 | Create | Ratha (Ranged) |
| 29:26 | Create | Ratha (Ranged) |
| 29:36 | Create | Villager (Male) |
| 29:37 | Create | Villager (Male) |
| 29:41 | Build | Farm |
| 29:42 | Build | Farm |
| 29:42 | Build | Farm |
| 29:42 | Build | Farm |
| 29:42 | Build | Farm |
| 29:49 | Create | Villager (Male) |
| 29:53 | Build | Barracks |
Build order — Chainy555
First 150 of 561 actions detected
| 0:27 | Build | Town Center |
| 0:38 | Build | House |
| 2:42 | Create | Villager (Male) |
| 2:42 | Create | Villager (Male) |
| 2:43 | Create | Villager (Male) |
| 2:43 | Create | Villager (Male) |
| 4:39 | Create | Villager (Male) |
| 4:40 | Create | Villager (Male) |
| 5:16 | Create | Villager (Male) |
| 5:16 | Create | Villager (Male) |
| 5:35 | Create | Villager (Male) |
| 5:52 | Create | Villager (Male) |
| 5:53 | Create | Villager (Male) |
| 5:58 | Build | House |
| 6:00 | Research | Loom |
| 6:02 | Create | Villager (Male) |
| 6:02 | Create | Villager (Male) |
| 6:29 | Create | Villager (Male) |
| 6:29 | Create | Villager (Male) |
| 6:30 | Create | Villager (Male) |
| 6:42 | Create | Villager (Male) |
| 7:05 | Build | Lumber Camp |
| 7:09 | Create | Villager (Male) |
| 7:09 | Create | Villager (Male) |
| 7:43 | Create | Villager (Male) |
| 7:44 | Create | Villager (Male) |
| 7:44 | Create | Villager (Male) |
| 7:58 | Build | House |
| 8:04 | Create | Villager (Male) |
| 8:32 | Create | Villager (Male) |
| 8:33 | Create | Villager (Male) |
| 8:45 | Create | Villager (Male) |
| 8:45 | Create | Villager (Male) |
| 9:03 | Create | Villager (Male) |
| 9:04 | Create | Villager (Male) |
| 9:55 | Create | Villager (Male) |
| 10:06 | Build | Mining Camp |
| 10:26 | Research | Feudal Age |
| 10:26 | Research | Feudal Age |
| 10:49 | Build | Mill |
| 11:23 | Build | Outpost |
| 11:53 | Build | Outpost |
| 12:04 | Create | Villager (Male) |
| 12:12 | Build | House |
| 12:30 | Create | Villager (Male) |
| 12:36 | Age | Feudal Age |
| 12:37 | Build | Barracks |
| 12:51 | Build | Palisade Wall |
| 12:52 | Build | Palisade Wall |
| 12:52 | Build | Palisade Wall |
| 12:56 | Build | Palisade Wall |
| 13:01 | Build | Palisade Wall |
| 13:02 | Build | Palisade Wall |
| 13:02 | Build | Palisade Wall |
| 13:04 | Build | Palisade Wall |
| 13:04 | Build | Palisade Wall |
| 13:06 | Build | Palisade Wall |
| 13:28 | Create | Villager (Male) |
| 13:29 | Create | Villager (Male) |
| 13:42 | Build | Archery Range |
| 13:53 | Create | Villager (Male) |
| 14:09 | Build | Blacksmith |
| 14:20 | Create | Archer |
| 14:20 | Create | Archer |
| 14:22 | Build | House |
| 14:33 | Build | Palisade Wall |
| 14:41 | Create | Spearman |
| 14:46 | Build | House |
| 15:03 | Create | Archer |
| 15:19 | Build | House |
| 15:24 | Create | Archer |
| 15:25 | Create | Villager (Male) |
| 15:25 | Create | Villager (Male) |
| 15:31 | Create | Spearman |
| 16:03 | Create | Villager (Male) |
| 16:17 | Research | Fletching |
| 16:17 | Research | Fletching |
| 16:39 | Create | Villager (Male) |
| 16:58 | Create | Archer |
| 17:00 | Create | Villager (Male) |
| 17:11 | Create | Villager (Male) |
| 17:37 | Create | Archer |
| 17:38 | Create | Villager (Male) |
| 17:46 | Create | Villager (Male) |
| 18:03 | Create | Villager (Male) |
| 18:06 | Build | Market |
| 18:24 | Build | Mining Camp |
| 18:27 | Create | Villager (Male) |
| 18:33 | Create | Spearman |
| 18:57 | Build | Mill |
| 19:34 | Create | Villager (Male) |
| 20:07 | Research | Castle Age |
| 20:20 | Create | Archer |
| 20:56 | Build | Watch Tower |
| 21:02 | Create | Villager (Male) |
| 21:15 | Build | Palisade Wall |
| 21:18 | Build | Palisade Wall |
| 21:20 | Build | Palisade Wall |
| 21:21 | Build | Palisade Wall |
| 21:25 | Create | Villager (Male) |
| 21:48 | Create | Archer |
| 21:59 | Build | House |
| 22:11 | Build | Watch Tower |
| 22:47 | Age | Castle Age |
| 22:51 | Research | Bodkin Arrow |
| 22:51 | Research | Bodkin Arrow |
| 23:37 | Research | Crossbowman (upgrade) |
| 23:37 | Research | Crossbowman (upgrade) |
| 23:38 | Research | Crossbowman (upgrade) |
| 23:59 | Create | Villager (Male) |
| 25:35 | Create | Villager (Male) |
| 26:13 | Build | Town Center |
| 26:22 | Create | Villager (Male) |
| 26:40 | Create | Villager (Male) |
| 27:25 | Build | Town Center |
| 27:30 | Create | Villager (Male) |
| 27:37 | Create | Villager (Male) |
| 28:05 | Research | Double-Bit Axe |
| 29:16 | Create | Villager (Male) |
| 29:17 | Create | Villager (Male) |
| 29:18 | Create | Villager (Male) |
| 29:37 | Create | Villager (Male) |
| 29:51 | Build | Watch Tower |
| 30:17 | Build | University |
| 31:21 | Research | Guard Tower (upgrade) |
| 31:41 | Build | Farm |
| 31:42 | Build | Farm |
| 31:45 | Create | Villager (Male) |
| 31:45 | Create | Villager (Male) |
| 31:45 | Create | Villager (Male) |
| 31:45 | Create | Villager (Male) |
| 32:12 | Build | Farm |
| 32:23 | Create | Villager (Male) |
| 32:24 | Create | Villager (Male) |
| 32:26 | Build | Farm |
| 32:48 | Build | House |
| 33:07 | Build | House |
| 33:09 | Build | House |
| 33:09 | Build | House |
| 33:09 | Build | House |
| 33:10 | Build | House |
| 33:19 | Create | Villager (Male) |
| 33:27 | Create | Villager (Male) |
| 33:27 | Create | Villager (Male) |
| 33:39 | Research | Bow Saw |
| 33:39 | Research | Bow Saw |
| 34:09 | Build | Watch Tower |
| 34:19 | Create | Villager (Male) |
| 34:25 | Build | House |
| 34:26 | Build | House |
Build order — LL | Enr1co
First 150 of 898 actions detected
| 0:09 | Build | House |
| 0:29 | Build | Town Center |
| 2:40 | Create | Villager (Male) |
| 2:40 | Create | Villager (Male) |
| 2:40 | Create | Villager (Male) |
| 2:41 | Create | Villager (Male) |
| 3:18 | Create | Villager (Male) |
| 3:59 | Create | Villager (Male) |
| 4:21 | Create | Villager (Male) |
| 4:57 | Build | House |
| 5:04 | Create | Villager (Male) |
| 5:08 | Create | Villager (Male) |
| 5:53 | Build | Lumber Camp |
| 6:13 | Create | Villager (Male) |
| 6:19 | Create | Villager (Male) |
| 6:38 | Create | Villager (Male) |
| 6:45 | Build | House |
| 6:54 | Create | Villager (Male) |
| 7:39 | Create | Villager (Male) |
| 7:48 | Build | Mill |
| 7:58 | Create | Villager (Male) |
| 8:19 | Create | Villager (Male) |
| 8:25 | Research | Loom |
| 8:54 | Create | Villager (Male) |
| 8:59 | Build | Palisade Wall |
| 9:04 | Build | Palisade Wall |
| 9:08 | Build | House |
| 9:15 | Create | Villager (Male) |
| 9:19 | Create | Villager (Male) |
| 9:40 | Research | Feudal Age |
| 9:40 | Research | Feudal Age |
| 9:43 | Build | House |
| 9:52 | Build | House |
| 10:12 | Create | Villager (Male) |
| 10:45 | Build | Barracks |
| 10:55 | Build | House |
| 11:55 | Age | Feudal Age |
| 11:59 | Research | Double-Bit Axe |
| 12:11 | Create | Villager (Male) |
| 12:28 | Create | Villager (Male) |
| 12:45 | Create | Villager (Male) |
| 12:47 | Build | Stable |
| 13:17 | Build | Palisade Wall |
| 13:21 | Build | Palisade Wall |
| 13:22 | Create | Scout Cavalry |
| 13:22 | Create | Scout Cavalry |
| 13:26 | Create | Villager (Male) |
| 13:32 | Create | Spearman |
| 13:36 | Research | Horse Collar |
| 13:38 | Build | House |
| 13:45 | Build | House |
| 13:50 | Build | House |
| 13:58 | Create | Scout Cavalry |
| 13:58 | Create | Villager (Male) |
| 14:12 | Create | Scout Cavalry |
| 14:26 | Build | Farm |
| 14:28 | Build | Farm |
| 14:37 | Create | Villager (Male) |
| 14:57 | Build | Farm |
| 15:03 | Create | Villager (Male) |
| 15:04 | Create | Scout Cavalry |
| 15:05 | Build | Farm |
| 15:30 | Create | Villager (Male) |
| 15:43 | Create | Scout Cavalry |
| 15:46 | Build | Farm |
| 15:47 | Build | Farm |
| 15:47 | Build | Farm |
| 16:02 | Create | Villager (Male) |
| 16:28 | Create | Villager (Male) |
| 16:32 | Build | Mining Camp |
| 16:50 | Create | Villager (Male) |
| 16:56 | Build | Mill |
| 17:19 | Create | Villager (Male) |
| 17:21 | Build | House |
| 17:35 | Build | Blacksmith |
| 17:38 | Build | Farm |
| 17:39 | Create | Villager (Male) |
| 18:17 | Create | Villager (Male) |
| 18:24 | Build | Farm |
| 18:26 | Build | Farm |
| 18:40 | Build | Mill |
| 18:41 | Create | Villager (Male) |
| 18:58 | Create | Villager (Male) |
| 19:11 | Create | Villager (Male) |
| 19:15 | Build | Farm |
| 19:34 | Research | Castle Age |
| 19:34 | Research | Castle Age |
| 19:52 | Create | Villager (Male) |
| 20:00 | Create | Villager (Male) |
| 20:05 | Research | Scale Barding Armor |
| 20:05 | Research | Scale Barding Armor |
| 20:08 | Research | Forging |
| 20:15 | Build | Mining Camp |
| 20:44 | Create | Villager (Male) |
| 20:54 | Create | Scout Cavalry |
| 20:58 | Research | Bloodlines |
| 21:44 | Build | Stable |
| 22:17 | Age | Castle Age |
| 22:19 | Create | Camel Scout |
| 22:19 | Create | Camel Scout |
| 22:21 | Research | Bow Saw |
| 22:29 | Create | Camel Scout |
| 22:33 | Create | Villager (Male) |
| 22:38 | Build | House |
| 22:42 | Create | Camel Scout |
| 22:43 | Create | Camel Scout |
| 22:45 | Create | Villager (Male) |
| 22:48 | Research | Wheelbarrow |
| 23:00 | Create | Villager (Male) |
| 23:08 | Build | Town Center |
| 23:15 | Create | Camel Scout |
| 23:19 | Create | Villager (Male) |
| 23:33 | Create | Camel Scout |
| 23:35 | Research | Husbandry |
| 23:35 | Research | Husbandry |
| 23:39 | Create | Villager (Male) |
| 23:51 | Build | House |
| 24:15 | Build | House |
| 24:20 | Create | Camel Scout |
| 24:41 | Create | Camel Scout |
| 24:50 | Create | Villager (Male) |
| 24:51 | Create | Villager (Male) |
| 24:53 | Create | Villager (Male) |
| 24:58 | Build | Town Center |
| 25:04 | Create | Camel Scout |
| 25:06 | Create | Camel Scout |
| 25:08 | Create | Villager (Male) |
| 25:09 | Build | Farm |
| 25:14 | Create | Villager (Male) |
| 25:19 | Create | Camel Scout |
| 25:25 | Create | Villager (Male) |
| 25:27 | Create | Camel Scout |
| 25:27 | Create | Camel Scout |
| 25:30 | Create | Villager (Male) |
| 25:33 | Create | Villager (Male) |
| 25:33 | Create | Villager (Male) |
| 25:42 | Create | Villager (Male) |
| 25:47 | Create | Camel Scout |
| 25:50 | Create | Villager (Male) |
| 25:55 | Create | Villager (Male) |
| 25:55 | Create | Villager (Male) |
| 26:04 | Create | Villager (Male) |
| 26:08 | Create | Villager (Male) |
| 26:11 | Build | Farm |
| 26:13 | Build | Farm |
| 26:14 | Build | House |
| 26:19 | Create | Villager (Male) |
| 26:20 | Create | Camel Scout |
| 26:20 | Create | Camel Scout |
| 26:23 | Create | Camel Scout |
Build order — LL | gummibaer
First 150 of 472 actions detected
| 0:34 | Build | Town Center |
| 2:59 | Create | Villager (Male) |
| 2:59 | Create | Villager (Male) |
| 3:00 | Create | Villager (Male) |
| 3:00 | Create | Villager (Male) |
| 3:09 | Research | Loom |
| 3:09 | Create | Villager (Male) |
| 3:09 | Create | Villager (Male) |
| 3:09 | Create | Villager (Male) |
| 4:12 | Create | Villager (Male) |
| 4:38 | Create | Villager (Male) |
| 5:18 | Create | Villager (Male) |
| 6:04 | Create | Villager (Male) |
| 6:07 | Create | Villager (Male) |
| 6:11 | Create | Villager (Male) |
| 6:41 | Create | Villager (Male) |
| 6:57 | Build | Mill |
| 7:01 | Create | Villager (Male) |
| 7:25 | Create | Villager (Male) |
| 7:41 | Create | Villager (Male) |
| 7:53 | Create | Villager (Male) |
| 9:03 | Create | Villager (Male) |
| 9:04 | Create | Villager (Male) |
| 9:29 | Create | Villager (Male) |
| 9:44 | Build | Mining Camp |
| 10:31 | Create | Villager (Male) |
| 10:41 | Research | Feudal Age |
| 11:01 | Build | Palisade Wall |
| 11:05 | Build | Palisade Wall |
| 11:55 | Create | Villager (Male) |
| 11:56 | Create | Villager (Male) |
| 13:29 | Age | Feudal Age |
| 13:32 | Create | Villager (Male) |
| 13:34 | Build | Market |
| 13:36 | Build | Blacksmith |
| 13:45 | Research | Town Watch |
| 13:45 | Create | Villager (Male) |
| 14:24 | Research | Castle Age |
| 14:41 | Build | Lumber Camp |
| 15:16 | Research | Fletching |
| 15:24 | Build | Watch Tower |
| 15:49 | Create | Villager (Male) |
| 16:05 | Build | Barracks |
| 17:04 | Age | Castle Age |
| 17:09 | Build | Archery Range |
| 17:20 | Create | Villager (Male) |
| 17:37 | Build | Archery Range |
| 17:42 | Create | Cavalry Archer |
| 17:45 | Create | Villager (Male) |
| 17:59 | Create | Villager (Male) |
| 18:05 | Create | Cavalry Archer |
| 18:20 | Create | Cavalry Archer |
| 18:20 | Create | Cavalry Archer |
| 18:30 | Create | Cavalry Archer |
| 18:33 | Create | Villager (Male) |
| 19:02 | Create | Cavalry Archer |
| 19:11 | Create | Villager (Male) |
| 19:45 | Create | Cavalry Archer |
| 19:45 | Create | Cavalry Archer |
| 19:45 | Create | Villager (Male) |
| 19:58 | Create | Cavalry Archer |
| 19:58 | Create | Cavalry Archer |
| 19:59 | Build | Archery Range |
| 20:13 | Create | Villager (Male) |
| 20:23 | Create | Cavalry Archer |
| 20:23 | Create | Cavalry Archer |
| 20:55 | Create | Villager (Male) |
| 21:15 | Build | Siege Workshop |
| 21:31 | Create | Cavalry Archer ×3 |
| 21:32 | Create | Villager (Male) |
| 21:33 | Create | Villager (Male) |
| 22:02 | Create | Cavalry Archer ×2 |
| 22:18 | Create | Villager (Male) |
| 22:30 | Create | Battering Ram |
| 22:30 | Create | Battering Ram |
| 22:34 | Create | Villager (Male) |
| 22:53 | Create | Villager (Male) |
| 22:57 | Build | Siege Workshop |
| 23:39 | Create | Villager (Male) |
| 23:41 | Create | Villager (Male) |
| 23:45 | Create | Mangonel |
| 23:49 | Create | Villager (Male) |
| 23:52 | Create | Cavalry Archer |
| 24:20 | Create | Villager (Male) |
| 24:48 | Create | Villager (Male) |
| 24:49 | Create | Villager (Male) |
| 25:06 | Build | University |
| 25:10 | Create | Villager (Male) |
| 25:25 | Research | Bodkin Arrow |
| 25:30 | Create | Villager (Male) |
| 26:03 | Create | Mangonel |
| 26:19 | Create | Villager (Male) |
| 26:34 | Create | Villager (Male) |
| 27:04 | Create | Battering Ram |
| 27:10 | Create | Villager (Male) |
| 27:25 | Create | Villager (Male) |
| 27:53 | Build | Town Center |
| 27:58 | Build | Farm |
| 28:27 | Create | Villager (Male) |
| 28:37 | Create | Villager (Male) |
| 28:39 | Build | Farm |
| 29:04 | Research | Ballistics |
| 29:20 | Create | Villager (Male) |
| 29:37 | Build | Mill |
| 29:40 | Create | Villager (Male) |
| 29:56 | Create | Cavalry Archer ×3 |
| 29:56 | Create | Cavalry Archer ×3 |
| 30:04 | Create | Villager (Male) |
| 30:06 | Create | Villager (Male) |
| 30:06 | Create | Villager (Male) |
| 30:06 | Create | Villager (Male) |
| 30:07 | Create | Villager (Male) |
| 30:27 | Create | Villager (Male) |
| 31:06 | Create | Villager (Male) |
| 31:08 | Create | Cavalry Archer ×4 |
| 31:09 | Create | Cavalry Archer ×4 |
| 31:11 | Create | Villager (Male) |
| 31:44 | Create | Villager (Male) |
| 31:52 | Create | Battering Ram |
| 31:57 | Build | Farm |
| 32:00 | Research | Horse Collar |
| 32:10 | Research | Padded Archer Armor |
| 32:10 | Create | Villager (Male) |
| 32:31 | Build | Town Center |
| 32:53 | Create | Villager (Male) |
| 32:53 | Create | Villager (Male) |
| 32:53 | Create | Villager (Male) |
| 32:55 | Build | Farm |
| 33:19 | Build | Outpost |
| 33:27 | Create | Villager (Male) |
| 33:52 | Build | Farm |
| 33:52 | Build | Farm |
| 33:53 | Build | Farm |
| 33:54 | Build | Farm |
| 33:55 | Create | Villager (Male) |
| 33:56 | Create | Villager (Male) |
| 34:00 | Create | Villager (Male) |
| 34:41 | Create | Villager (Male) |
| 34:42 | Create | Villager (Male) |
| 34:42 | Create | Villager (Male) |
| 34:45 | Build | Siege Workshop |
| 34:54 | Build | Mining Camp |
| 35:31 | Build | Town Center |
| 35:33 | Create | Villager (Male) |
| 35:50 | Build | Farm |
| 35:51 | Build | Farm |
| 35:52 | Build | Farm |
| 35:58 | Build | Farm |
| 36:02 | Create | Villager (Male) |
| 36:06 | Build | Farm |
Build order — OIDA | Pat_Star
First 150 of 687 actions detected
| 1:09 | Build | Town Center |
| 3:03 | Build | House |
| 3:04 | Build | House |
| 3:05 | Build | House |
| 3:06 | Build | House |
| 3:40 | Create | Villager (Male) |
| 3:41 | Create | Villager (Male) |
| 3:41 | Create | Villager (Male) |
| 3:41 | Create | Villager (Male) |
| 3:42 | Create | Villager (Male) |
| 3:42 | Create | Villager (Male) |
| 4:47 | Create | Villager (Male) |
| 4:59 | Research | Loom |
| 4:59 | Create | Villager (Male) |
| 5:00 | Create | Villager (Male) |
| 5:17 | Create | Villager (Male) |
| 5:34 | Create | Villager (Male) |
| 5:40 | Build | Palisade Wall |
| 5:54 | Create | Villager (Male) |
| 6:19 | Build | Lumber Camp |
| 6:51 | Create | Villager (Male) |
| 6:51 | Create | Villager (Male) |
| 7:21 | Create | Villager (Male) |
| 7:21 | Create | Villager (Male) |
| 8:02 | Build | House |
| 8:12 | Create | Villager (Male) |
| 8:35 | Create | Villager (Male) |
| 8:51 | Create | Villager (Male) |
| 9:04 | Create | Villager (Male) |
| 9:49 | Create | Villager (Male) |
| 9:57 | Build | Dock |
| 10:06 | Create | Villager (Male) |
| 10:50 | Create | Fishing Ship |
| 11:14 | Create | Villager (Male) |
| 11:34 | Build | Mill |
| 11:41 | Create | Villager (Male) |
| 12:04 | Create | Villager (Male) |
| 12:07 | Create | Fishing Ship |
| 12:40 | Research | Feudal Age |
| 12:48 | Build | Mining Camp |
| 14:57 | Create | Villager (Male) |
| 14:57 | Create | Villager (Male) |
| 15:01 | Age | Feudal Age |
| 15:03 | Build | Market |
| 15:17 | Build | Blacksmith |
| 15:31 | Create | Villager (Male) |
| 15:53 | Research | Castle Age |
| 16:14 | Research | Double-Bit Axe |
| 16:47 | Create | Fishing Ship |
| 16:58 | Create | Fishing Ship |
| 18:18 | Create | Villager (Male) |
| 18:18 | Create | Villager (Male) |
| 18:21 | Create | Fishing Ship |
| 18:33 | Age | Castle Age |
| 18:36 | Build | Town Center |
| 18:50 | Build | Town Center |
| 18:51 | Create | Villager (Male) |
| 18:52 | Create | Villager (Male) |
| 18:56 | Create | Villager (Male) |
| 19:13 | Build | House |
| 19:16 | Create | Villager (Male) |
| 19:26 | Create | Villager (Male) |
| 19:35 | Create | Villager (Male) |
| 19:51 | Build | Fish Trap |
| 19:56 | Build | Fish Trap |
| 20:05 | Create | Villager (Male) |
| 20:06 | Create | Villager (Male) |
| 20:06 | Create | Villager (Male) |
| 20:08 | Create | Villager (Male) |
| 20:11 | Research | Bow Saw |
| 20:31 | Create | Villager (Male) |
| 20:35 | Build | Fish Trap |
| 20:36 | Create | Villager (Male) |
| 20:36 | Create | Villager (Male) |
| 20:45 | Build | Fish Trap |
| 20:46 | Create | Villager (Male) |
| 21:03 | Build | Fish Trap |
| 21:04 | Create | Villager (Male) |
| 21:06 | Create | Villager (Male) |
| 21:06 | Create | Villager (Male) |
| 21:14 | Create | Villager (Male) |
| 21:17 | Create | Fishing Ship |
| 21:19 | Create | Fishing Ship |
| 21:23 | Create | Villager (Male) |
| 22:03 | Build | House |
| 22:03 | Build | House |
| 22:13 | Build | Fish Trap |
| 22:15 | Research | Horse Collar |
| 22:19 | Build | Farm |
| 22:20 | Build | Farm |
| 22:22 | Build | Farm |
| 22:25 | Build | Farm |
| 22:31 | Build | Farm |
| 22:35 | Build | Farm |
| 22:38 | Create | Villager (Male) |
| 22:39 | Create | Villager (Male) |
| 22:39 | Create | Villager (Male) |
| 22:39 | Create | Villager (Male) |
| 22:49 | Build | Town Center |
| 22:56 | Create | Villager (Male) |
| 23:00 | Build | Farm |
| 23:02 | Build | Farm |
| 23:05 | Create | Villager (Male) |
| 23:14 | Build | Fish Trap |
| 23:15 | Create | Fishing Ship |
| 23:19 | Create | Villager (Male) |
| 23:30 | Build | House |
| 23:31 | Build | House |
| 23:32 | Build | House |
| 23:34 | Create | Villager (Male) |
| 23:35 | Create | Villager (Male) |
| 23:41 | Create | Villager (Male) |
| 23:41 | Create | Villager (Male) |
| 23:46 | Build | House |
| 23:50 | Create | Villager (Male) |
| 23:50 | Create | Villager (Male) |
| 24:02 | Create | Villager (Male) |
| 24:02 | Create | Villager (Male) |
| 24:02 | Create | Villager (Male) |
| 24:03 | Create | Villager (Male) |
| 24:20 | Create | Villager (Male) |
| 24:21 | Create | Villager (Male) |
| 24:22 | Create | Villager (Male) |
| 24:31 | Build | Fish Trap |
| 24:35 | Create | Villager (Male) |
| 24:35 | Create | Villager (Male) |
| 24:40 | Build | Farm |
| 24:45 | Create | Villager (Male) |
| 24:50 | Create | Villager (Male) |
| 25:00 | Build | Monastery |
| 25:02 | Create | Villager (Male) |
| 25:03 | Create | Villager (Male) |
| 25:09 | Build | Barracks |
| 25:10 | Create | Villager (Male) |
| 25:14 | Build | House |
| 25:14 | Build | House |
| 25:17 | Create | Villager (Male) |
| 25:20 | Build | Farm |
| 25:24 | Create | Villager (Male) |
| 25:26 | Create | Villager (Male) |
| 25:34 | Create | Villager (Male) |
| 25:34 | Create | Villager (Male) |
| 25:43 | Create | Villager (Male) |
| 25:49 | Create | Villager (Male) |
| 25:52 | Build | Mining Camp |
| 26:01 | Create | Villager (Male) |
| 26:05 | Build | Barracks |
| 26:09 | Build | Siege Workshop |
| 26:23 | Create | Villager (Male) |
| 26:23 | Create | Villager (Male) |
Match timeline
| 5:40 | OIDA | Pat_Star · wall_segment Palisade Wall x1 |
| 7:31 | Storm · first_building Dock |
| 8:59 | LL | Enr1co · wall_segment Palisade Wall x1 |
| 9:04 | LL | Enr1co · wall_segment Palisade Wall x1 |
| 9:09 | LL | SC-Quatorze · wall_segment Palisade Wall x1 |
| 9:47 | LL | SC-Quatorze · wall_segment Palisade Wall x3 |
| 9:57 | OIDA | Pat_Star · first_building Dock |
| 10:45 | LL | Enr1co · first_building Barracks |
| 10:56 | Peter_Pahn · age_up feudal |
| 10:58 | LL | SC-Quatorze · wall_segment Palisade Wall x4 |
| 11:01 | LL | gummibaer · wall_segment Palisade Wall x1 |
| 11:05 | LL | gummibaer · wall_segment Palisade Wall x1 |
| 11:06 | LL | SC-Quatorze · wall_segment Palisade Wall x5 |
| 11:55 | LL | Enr1co · age_up feudal |
| 12:31 | Storm · wall_segment Palisade Wall x1 |
| 12:32 | Storm · wall_segment Palisade Wall x1 |
| 12:36 | Chainy555 · age_up feudal |
| 12:37 | Storm · wall_segment Palisade Wall x1 |
| 12:37 | Chainy555 · first_building Barracks |
| 12:38 | Storm · wall_segment Palisade Wall x1 |
| 12:41 | LL | SC-Quatorze · age_up feudal |
| 12:47 | LL | Enr1co · first_building Stable |
| 12:51 | Chainy555 · wall_segment Palisade Wall x1 |
| 12:52 | Chainy555 · wall_segment Palisade Wall x1 |
| 12:52 | Chainy555 · wall_segment Palisade Wall x1 |
| 12:56 | Chainy555 · wall_segment Palisade Wall x1 |
| 12:57 | LL | ---Han--- · wall_segment Palisade Wall x1 |
| 13:00 | Peter_Pahn · wall_segment Palisade Wall x1 |
| 13:01 | Chainy555 · wall_segment Palisade Wall x1 |
| 13:02 | Chainy555 · wall_segment Palisade Wall x1 |
| 13:02 | Chainy555 · wall_segment Palisade Wall x1 |
| 13:04 | Chainy555 · wall_segment Palisade Wall x1 |
| 13:04 | Chainy555 · wall_segment Palisade Wall x1 |
| 13:06 | Chainy555 · wall_segment Palisade Wall x1 |
| 13:17 | LL | Enr1co · wall_segment Palisade Wall x3 |
| 13:21 | LL | Enr1co · wall_segment Palisade Wall x4 |
| 13:29 | LL | SC-Quatorze · first_market_sell 100 wood |
| 13:29 | LL | gummibaer · age_up feudal |
| 13:31 | LL | ---Han--- · age_up feudal |
| 13:34 | LL | SC-Quatorze · first_market_buy 100 food |
| 13:36 | Storm · age_up feudal |
| 13:42 | Chainy555 · first_building Archery Range |
| 14:09 | Peter_Pahn · wall_segment Palisade Wall x1 |
| 14:12 | Peter_Pahn · wall_segment Palisade Wall x1 |
| 14:33 | Chainy555 · wall_segment Palisade Wall x1 |
| 15:01 | OIDA | Pat_Star · age_up feudal |
| 16:05 | LL | gummibaer · first_building Barracks |
| 16:16 | Peter_Pahn · wall_segment Palisade Wall x1 |
| 16:26 | LL | SC-Quatorze · age_up castle |
| 16:27 | Peter_Pahn · wall_segment Palisade Wall x1 |
| 17:01 | LL | SC-Quatorze · first_building Castle |
| 17:04 | LL | gummibaer · age_up castle |
| 17:09 | LL | gummibaer · first_building Archery Range |
| 17:11 | Storm · age_up castle |
| 17:13 | LL | ---Han--- · age_up castle |
| 17:17 | LL | ---Han--- · first_building Castle |
| 17:40 | LL | gummibaer · first_market_buy 100 wood |
| 17:46 | Peter_Pahn · first_market_sell 100 wood |
| 17:49 | LL | ---Han--- · first_market_buy 100 food |
| 17:50 | LL | SC-Quatorze · wall_segment Palisade Wall x1 |
| 17:52 | LL | ---Han--- · first_market_sell 100 wood |
| 18:18 | Peter_Pahn · first_market_buy 100 food |
| 18:33 | OIDA | Pat_Star · age_up castle |
| 18:37 | LL | SC-Quatorze · first_building Siege Workshop |
| 18:41 | OIDA | Pat_Star · first_market_buy 100 wood |
| 18:51 | Storm · first_market_buy 100 food |
| 19:41 | Chainy555 · first_market_buy 100 food |
| 19:47 | Chainy555 · first_market_sell 100 wood |
| 19:55 | LL | gummibaer · first_market_sell 100 wood |
| 21:00 | Peter_Pahn · age_up castle |
| 21:15 | Chainy555 · wall_segment Palisade Wall x1 |
| 21:15 | LL | gummibaer · first_building Siege Workshop |
| 21:18 | Chainy555 · wall_segment Palisade Wall x1 |
| 21:20 | Chainy555 · wall_segment Palisade Wall x1 |
| 21:21 | Chainy555 · wall_segment Palisade Wall x1 |
| 22:17 | LL | Enr1co · age_up castle |
| 22:47 | Chainy555 · age_up castle |
| 23:34 | LL | SC-Quatorze · wall_segment Palisade Wall x1 |
| 23:40 | Storm · first_building Barracks |
| 24:47 | Storm · first_building Archery Range |
| 25:00 | OIDA | Pat_Star · first_building Monastery |
| 25:09 | OIDA | Pat_Star · first_building Barracks |
| 25:42 | Storm · first_market_sell 100 food |
| 25:51 | Storm · first_building Castle |
| 26:09 | OIDA | Pat_Star · first_building Siege Workshop |
| 27:15 | OIDA | Pat_Star · first_market_sell 100 wood |
| 28:21 | OIDA | Pat_Star · first_building Castle |
| 29:53 | LL | ---Han--- · first_building Barracks |
| 30:50 | LL | ---Han--- · first_building Stable |
| 31:20 | Peter_Pahn · first_building Monastery |
| 31:34 | OIDA | Pat_Star · first_building Stable |
| 32:37 | Peter_Pahn · first_building Siege Workshop |
| 33:12 | Peter_Pahn · first_building Castle |
| 33:31 | Peter_Pahn · wall_segment Palisade Wall x1 |
| 33:39 | LL | Enr1co · first_building Monastery |
| 33:57 | Storm · first_building Siege Workshop |
| 36:08 | OIDA | Pat_Star · age_up imperial |
| 36:24 | Peter_Pahn · first_building Barracks |
| 37:04 | Chainy555 · first_building Castle |
| 37:56 | Storm · first_building Monastery |
| 37:56 | LL | Enr1co · age_up imperial |
| 37:59 | LL | Enr1co · first_market_sell 100 food |
| 38:21 | Chainy555 · first_building Monastery |
| 38:45 | LL | ---Han--- · age_up imperial |
| 39:53 | LL | Enr1co · first_building Castle |
| 41:08 | LL | ---Han--- · first_building Monastery |
| 41:25 | Storm · age_up imperial |
| 41:40 | LL | Enr1co · first_building Archery Range |
| 42:34 | LL | SC-Quatorze · first_building Barracks |
| 42:48 | LL | Enr1co · first_building Siege Workshop |
| 43:40 | LL | gummibaer · first_building Castle |
| 43:42 | LL | SC-Quatorze · age_up imperial |
| 44:01 | LL | SC-Quatorze · first_building Stable |
| 46:11 | LL | SC-Quatorze · tribute_sent a jugador 2 |
| 46:11 | LL | SC-Quatorze · tribute_sent a jugador 3 |
| 46:11 | LL | SC-Quatorze · tribute_sent a jugador 4 |
| 46:11 | LL | SC-Quatorze · tribute_sent a jugador 5 |
| 46:11 | LL | SC-Quatorze · tribute_sent a jugador 6 |
| 46:11 | LL | SC-Quatorze · tribute_sent a jugador 7 |
| 46:11 | LL | SC-Quatorze · tribute_sent a jugador 8 |
| 46:55 | Peter_Pahn · first_building Archery Range |
| 47:02 | LL | gummibaer · age_up imperial |
| 47:44 | Storm · wall_segment Stone Wall x7 |
| 48:28 | Storm · wall_segment Stone Wall x11 |
| 48:33 | Peter_Pahn · first_building Stable |
| 48:58 | Storm · wall_segment Stone Wall x8 |
| 49:49 | OIDA | Pat_Star · tribute_sent a jugador 1 |
| 49:49 | OIDA | Pat_Star · tribute_sent a jugador 2 |
| 49:49 | OIDA | Pat_Star · tribute_sent a jugador 3 |
| 49:49 | OIDA | Pat_Star · tribute_sent a jugador 4 |
| 49:49 | OIDA | Pat_Star · tribute_sent a jugador 5 |
| 49:49 | OIDA | Pat_Star · tribute_sent a jugador 6 |
| 49:49 | OIDA | Pat_Star · tribute_sent a jugador 7 |
| 50:16 | Chainy555 · age_up imperial |
| 51:05 | OIDA | Pat_Star · tribute_sent a jugador 1 |
| 51:05 | OIDA | Pat_Star · tribute_sent a jugador 2 |
| 51:05 | OIDA | Pat_Star · tribute_sent a jugador 3 |
| 51:05 | OIDA | Pat_Star · tribute_sent a jugador 4 |
| 51:05 | OIDA | Pat_Star · tribute_sent a jugador 5 |
| 51:05 | OIDA | Pat_Star · tribute_sent a jugador 6 |
| 51:05 | OIDA | Pat_Star · tribute_sent a jugador 7 |
| 51:28 | Storm · wall_segment Stone Wall x9 |
| 51:30 | Storm · wall_segment Stone Wall x10 |
| 51:39 | LL | gummibaer · tribute_sent a jugador 1 |
| 51:39 | LL | gummibaer · tribute_sent a jugador 2 |
| 51:39 | LL | gummibaer · tribute_sent a jugador 3 |
| 51:39 | LL | gummibaer · tribute_sent a jugador 4 |
| 51:39 | LL | gummibaer · tribute_sent a jugador 5 |
| 51:39 | LL | gummibaer · tribute_sent a jugador 6 |
| 51:39 | LL | gummibaer · tribute_sent a jugador 8 |
| 51:42 | LL | Enr1co · tribute_sent a jugador 1 |
| 51:42 | LL | Enr1co · tribute_sent a jugador 2 |
| 51:42 | LL | Enr1co · tribute_sent a jugador 3 |
| 51:42 | LL | Enr1co · tribute_sent a jugador 4 |
| 51:42 | LL | Enr1co · tribute_sent a jugador 6 |
| 51:42 | LL | Enr1co · tribute_sent a jugador 7 |
| 51:42 | LL | Enr1co · tribute_sent a jugador 8 |
| 52:33 | Storm · wall_segment Stone Wall x4 |
| 53:26 | Peter_Pahn · age_up imperial |
| 53:42 | OIDA | Pat_Star · tribute_sent a jugador 1 |
| 53:42 | OIDA | Pat_Star · tribute_sent a jugador 2 |
| 53:42 | OIDA | Pat_Star · tribute_sent a jugador 3 |
| 53:42 | OIDA | Pat_Star · tribute_sent a jugador 4 |
| 53:42 | OIDA | Pat_Star · tribute_sent a jugador 5 |
| 53:42 | OIDA | Pat_Star · tribute_sent a jugador 6 |
| 53:42 | OIDA | Pat_Star · tribute_sent a jugador 7 |
| 54:32 | Chainy555 · first_building Siege Workshop |
| 55:16 | Peter_Pahn · wall_segment Palisade Wall x1 |
| 55:17 | Peter_Pahn · wall_segment Palisade Wall x1 |
| 55:19 | Peter_Pahn · wall_segment Palisade Wall x1 |
| 56:03 | Storm · wall_segment Stone Wall x8 |
| 58:13 | Storm · wall_segment Stone Wall x4 |
| 59:23 | LL | SC-Quatorze · tribute_sent a jugador 2 |
| 59:23 | LL | SC-Quatorze · tribute_sent a jugador 3 |
| 59:23 | LL | SC-Quatorze · tribute_sent a jugador 4 |
| 59:23 | LL | SC-Quatorze · tribute_sent a jugador 5 |
| 59:23 | LL | SC-Quatorze · tribute_sent a jugador 6 |
| 59:23 | LL | SC-Quatorze · tribute_sent a jugador 7 |
| 59:23 | LL | SC-Quatorze · tribute_sent a jugador 8 |
| 59:28 | LL | ---Han--- · first_building Archery Range |
| 63:43 | Peter_Pahn · wall_segment Palisade Wall x1 |
| 64:11 | Peter_Pahn · wall_segment Palisade Wall x1 |
| 65:02 | Peter_Pahn · wall_segment Palisade Wall x1 |
| 65:15 | Peter_Pahn · wall_segment Palisade Wall x1 |
| 67:45 | LL | ---Han--- · wall_segment Palisade Wall x1 |
| 67:46 | LL | ---Han--- · wall_segment Palisade Wall x1 |
| 69:28 | LL | Enr1co · resign |
[ AI ANALYSIS · 1 CREDIT ]
What really happened in this match?
Wolo.gg analyzes every decision: build order, eco, micro, common mistakes by bracket. Personalized analysis on WhatsApp or Discord in 30 seconds.
Civ guide
Cumans
Perfil
Jugador #234201